 Dungeon Crawl Stone Soup version 0.23.0 (webtiles) character file.

Game seed: 5261468356518348908

98 MalarOregon the Caller (level 4, -2/33 HPs)
             Began as a Merfolk Summoner on Feb 13, 2019.
             Slain by Grinder (6 damage)
             ... on level 3 of the Dungeon.
             The game lasted 00:05:24 (2050 turns).

MalarOregon the Caller (Merfolk Summoner)           Turns: 2050, Time: 00:05:25

Health: -2/33      AC:  6    Str:  8    XL:     4   Next: 71%
Magic:  7/7        EV: 11    Int: 15    God:
Gold:   106        SH:  0    Dex: 14    Spells: 5/7 levels left

rFire    . . .     SeeInvis .   c - +2 dagger (drain)
rCold    . . .     Gourm    .   (no shield)
rNeg     . . .     Faith    .   h - +1 ring mail
rPois    .         Spirit   .   (no helmet)
rElec    .         Reflect  .   (no cloak)
rCorr    .         Harm     .   (no gloves)
MR       .....                  (no boots)
Stlth    +.........             (no amulet)
HPRegen  0.11/turn              (no ring)
MPRegen  0.10/turn              (no ring)

@: no status effects
A: change form in water, swift swim, stealthy swim
a: no special abilities


You were on level 3 of the Dungeon.
You were not hungry.

You visited 1 branch of the dungeon, and saw 3 of its levels.

You collected 106 gold pieces.

Inventory:

Hand Weapons
 c - a +2 dagger of draining (weapon)
   (You took it off a goblin on level 1 of the Dungeon)
Armour
 h - a +1 ring mail (worn)
   (You found it on level 1 of the Dungeon)
 r - a +0 scale mail
   (You found it on level 2 of the Dungeon)
Jewellery
 m - an uncursed ring of resist corrosion {unknown}
   (You found it on level 1 of the Dungeon)
 o - an uncursed ring of ice {unknown}
   (You found it on level 1 of the Dungeon)
Scrolls
 a - a scroll of teleportation {@r4}
 p - 2 scrolls of amnesia
Potions
 d - 2 potions of brilliance
 k - a potion of cancellation {unknown}
Comestibles
 e - 6 rations {!d}
 q - 2 chunks of flesh


   Skills:
 + Level 2.0 Fighting
 + Level 1.3 Armour
 + Level 3.9 Dodging
 - Level 2.1 Stealth
 - Level 2.0 Spellcasting
 + Level 4.5 Summonings


You had 5 spell levels left.
You knew the following spells:

 Your Spells              Type           Power        Failure   Level  Hunger
x - Call Imp              Summ           ###.....     16%         2    ###....

Your spell library contained the following spells:

 Spells                   Type           Power        Failure   Level  Hunger
 Summon Small Mammal      Summ           ###.         11%         1    #......
 Call Canine Familiar     Summ           ###.....     30%         3    ###....
 Summon Guardian Golem    Hex/Summ       #.......     61%         3    ###....
 Summon Ice Beast         Ice/Summ       #.......     95%         4    #####..
 Summon Lightning Spire   Summ/Air       #.......     95%         4    #####..


Dungeon Overview and Level Annotations

Branches:
Dungeon (3/15)

Altars:
Uskayaw

Annotations:
D:3 Grinder


Message History

Grinder is too close now for your liking.
Grinder says, "Wait up."
Grinder gestures at you.
You suddenly lose the ability to move!
Grinder gestures at you. You resist with significant effort.
Grinder says, "I used to sell toenails on the black market."
Grinder blinks!
You can move again.
Unknown command.
Unknown command.
You aren't carrying any items that you can evoke.
Okay, then.
As you read the scroll labeled VUARGH OJONG, it crumbles to dust.
It is a scroll of identify.
d - 2 potions of brilliance
As you read the scroll labeled ZUTISY YGOCUL, it crumbles to dust.
It is a scroll of enchant armour.
Your +0 ring mail glows green for a moment.
Grinder blinks!
There is a stone staircase leading up here.
You start waiting.
Grinder is too close now for your liking.
Grinder hits you.
You writhe in agony.
You hit Grinder but do no damage. Grinder hits you but does no damage.
You hit Grinder. Grinder gestures at you. Pain shoots through your body!
* * * LOW HITPOINT WARNING * * *
There is a stone staircase leading up here.
Throwing (i - inventory)
n - a throwing net (quivered)
{!f}
Aim: Grinder (lightly wounded) Really fire
n - a throwing net {!f}?
You throw a throwing net {!f}. The throwing net {!f} hits Grinder.
Grinder is caught in the net!
Grinder struggles against the net.
You strike the helpless Grinder from behind!
You puncture Grinder!
Grinder struggles against the net.
You hit Grinder.
Grinder struggles against the net.
You hit Grinder but do no damage. Grinder gestures at you.
Pain shoots through your body!
* * * LOW HITPOINT WARNING * * *
Grinder struggles against the net.
You hit Grinder. You hit Grinder.
Grinder struggles against the net.
The net rips apart, and Grinder comes free!
You hit Grinder. Grinder hits you!
* * * LOW HITPOINT WARNING * * *
You writhe in agony.
You die...

...#...# ...
#.#.#.# .#.#
#.....# .....
#.####.#.#.##...#.#
#>..........'......
##.#.#.##.(.#.#
#.....# #....
#.#...# #.# #.#@5.#
. #.###.# #.###.#
#.....# #######


You could see Grinder.

Vanquished Creatures
  Jessica (D:2)
  3 adders (D:2)
  2 worms (D:2)
  A dart slug (D:2)
  2 leopard geckos (D:1)
  2 giant cockroaches (D:1)
  5 hobgoblins
  3 jackals (D:2)
  A ball python (D:2)
  5 bats (D:1)
  A frilled lizard (D:1)
  3 goblins (D:1)
  4 kobolds
  3 rats
36 creatures vanquished.

Vanquished Creatures (collateral kills)
  A giant cockroach (D:1)
  A goblin (D:1)
2 creatures vanquished.

Grand Total: 38 creatures vanquished

Notes
Turn   | Place    | Note
-------+----------+-------------------------------------------
     0 | D:1      | MalarOregon the Merfolk Summoner began the quest for the
                  | Orb.
     0 | D:1      | Reached XP level 1. HP: 13/13 MP: 3/3
   338 | D:1      | Reached XP level 2. HP: 19/20 MP: 5/5
   342 | D:1      | Learned a level 2 spell: Call Imp
   531 | D:1      | Reached skill level 1 in Fighting
   826 | D:1      | Reached XP level 3. HP: 26/26 MP: 6/6
  1150 | D:2      | Found a hide-covered altar of Uskayaw.
  1191 | D:2      | Noticed Jessica
  1231 | D:2      | Reached skill level 1 in Armour
  1520 | D:2      | Killed Jessica
  1520 | D:2      | Reached XP level 4. HP: 25/33 MP: 7/7
  2020 | D:3      | Noticed Grinder
  2029 | D:3      | Paralysed by Grinder for 6 turns
  2050 | D:3      | Slain by Grinder

Skill      XL: |  1  2  3  4 |
---------------+-------------+-----
Dodging        | 3 |  3.9
Fighting       | 1 2 |  2.0
Armour         | 1 |  1.3
Stealth        | |  2.1
Spellcasting   | |  2.0
Summonings     | |  4.5

Action                   |  1- 3 |  4- 6 || total
-------------------------+-------+-------++-------
Melee: Unarmed           |    13 |       ||    13
       Dagger            |    99 |    34 ||   133
Throw: Throwing net      |       |     1 ||     1
 Cast: Summon Small Mamm |     7 |       ||     7
  Use: Scroll            |       |     7 ||     7
 Stab: Sleeping          |     2 |       ||     2
       Held in net/web   |       |     1 ||     1
  Eat: Chunk             |     2 |     2 ||     4
Armor: Robe              |    10 |       ||    10
       Ring mail         |    37 |     9 ||    46
Dodge: Dodged            |    65 |    12 ||    77
